 Dungeon Crawl Stone Soup version 0.30-a0-475-g03497ec522 (webtiles) character file.

Game seed: 16175016920323934676

1239 ragingrage the Summoner (level 8, -1/52 HPs)
             Began as a Barachi Summoner on Dec 20, 2022.
             Was an Initiate of Ru.
             Slain by an ice beast (9 damage)
             ... on level 6 of the Dungeon.
             The game lasted 00:07:11 (6177 turns).

ragingrage the Summoner (Barachi Summoner)          Turns: 6177, Time: 00:07:12

Health: -1/52      AC:  2    Str: 10    XL:     8   Next: 49%
Magic:  10/11      EV: 13    Int: 12    God:    Ru [......]
Gold:   373        SH:  0    Dex: 21    Spells: 2/11 levels left

rFire   + . .      SeeInvis +    z - +11 mace of Youthful Indiscretion {freeze, rElec Int-5 Dex+8 SInv}
rCold   . . .      Faith    .    (no shield)
rNeg    . . .      Spirit   .    a - +0 robe
rPois   .          Reflect  .    (no helmet)
rElec   +          Harm     .    (no cloak)
rCorr   .          Rampage  .    (no gloves)
Will    .....                    (no boots)
Stlth   ++........               h - amulet of magic regeneration
HPRegen 0.28/turn                i - ring of protection from fire
MPRegen 0.52/turn                y - ring of wizardry

@: slow
A: amphibious, slowness 1, strong legs 1, +LOS
a: Hop, Renounce Religion


You were on level 6 of the Dungeon.
You worshipped Ru.
Ru was noncommittal.
You visited 2 branches of the dungeon, and saw 7 of its levels.

You collected 373 gold pieces.

Inventory:

Hand Weapons
 m - a +0 vorpal trident
 z - the +11 mace of Youthful Indiscretion (weapon) {freeze, rElec Int-5 Dex+8 SInv}
   (You found it on level 5 of the Dungeon)

   It freezes those it strikes, dealing additional cold damage.
   It can also slow down cold-blooded creatures.
   Int:       It affects your intelligence (-5).
   Dex:       It affects your dexterity (+8).
   rElec:     It insulates you from electricity.
   SInv:      It lets you see invisible.
Missiles
 C - a throwing net
Armour
 a - a +0 robe (worn)
Jewellery
 g - a ring of protection from cold
 h - an amulet of magic regeneration (around neck)
 i - a ring of protection from fire (left hand)
 y - a ring of wizardry (right hand)
Wands
 r - a wand of flame (13)
 v - a wand of charming (7)
 E - a wand of iceblast (7)
Scrolls
 d - 4 scrolls of teleportation
 e - a scroll of blinking {unknown}
 f - 2 scrolls of enchant weapon
 k - a scroll of vulnerability {unknown}
 o - 4 scrolls of immolation
 q - 2 scrolls of torment {unknown}
 t - a scroll of amnesia {unknown}
 w - 2 scrolls of identify
 x - a scroll of fog {unknown}
 A - a scroll of noise {unknown}
 B - a scroll of enchant armour {unknown}
Potions
 b - a potion of magic
 c - 2 potions of curing {unknown}
 j - 4 potions of brilliance
 l - 2 potions of flight {unknown}
 n - 2 potions of degeneration {unknown}
 p - a potion of mutation {unknown}
 s - a potion of resistance {unknown}
 u - 2 potions of haste {unknown}
 D - a potion of heal wounds {unknown}
 F - a potion of attraction {unknown}


   Skills:
 - Level 2.1 Dodging
 - Level 1.7 Stealth
 - Level 2.1 Spellcasting
 - Level 5.0 Hexes
 + Level 11.5 Summonings


You had 2 spell levels left.
You knew the following spells:

 Your Spells              Type           Power      Damage    Failure   Level
a - Call Canine Familiar  Summ           28%        N/A       1%          3
b - Call Imp              Summ           28%        N/A       1%          2
c - Summon Small Mammal   Summ           100%       N/A       1%          1
d - Summon Guardian Gole  Hex/Summ       21%        N/A       1%          3

Your spell library contained the following spells:

 Spells                   Type           Power      Damage    Failure   Level
 Summon Lightning Spire   Summ/Air       15%        N/A       11%         4
 Summon Forest            Summ/Tloc      7%         N/A       26%         5
 Summon Hydra             Summ           14%        N/A       58%         7
 Eringya's Noxious Bog    Tmut/Pois      0%         N/A       100%        6


Dungeon Overview and Level Annotations

Branches:
Dungeon (6/15)             Temple (1/1) D:4

Altars:
Ashenzari
Dithmenos
Elyvilon
Hepliaklqana
Makhleb
Okawaru
Qazlal
Ru
Sif Muna
Trog
Uskayaw
Vehumet
Wu Jian
Yredelemnul
The Shining One

Annotations:
D:3 exclusion: downstairs
D:4 Eustachio


Innate Abilities, Weirdness & Mutations

You are amphibious.
You cover ground slowly.
You can hop short distances.
You have an extended range of vision and can be seen from far away.


Message History

Your hound bites the ice beast but does no damage.
The ice beast barely misses your hound.
Your hound bites the ice beast.
The ice beast hits your hound. The ice beast freezes your hound!
Your hound dies!
Your hound's corpse disappears in a puff of smoke!
Casting: Call Canine Familiar (safe; 1% risk of failure)
Confirm with . or Enter, or press ? or * to list all spells.
You swap places.
Your hound bites the ice beast but does no damage.
Your hound bites the ice beast.
The ice beast completely misses your hound.
Your hound barely misses the ice beast.
The ice beast barely misses your hound.
Your hound barely misses the ice beast.
Your hound barely misses the ice beast.
The ice beast closely misses your hound.
Your hound barely misses the ice beast.
The ice beast hits your hound. The ice beast freezes your hound!
Your hound dies!
Your hound's corpse disappears in a puff of smoke!
You closely miss the ice beast.
The ice beast is lightly wounded.
The ice beast barely misses you.
You closely miss the ice beast.
The ice beast is lightly wounded.
The ice beast misses you. The ice beast hits you. The ice beast freezes you!
Casting: Call Canine Familiar (safe; 1% risk of failure)
Confirm with . or Enter, or press ? or * to list all spells.
The ice beast hits you. The ice beast freezes you!
You hit the ice beast.
The ice beast is moderately wounded.
Your hound bites the ice beast.
The ice beast hits you. The ice beast freezes you!
* * * LOW HITPOINT WARNING * * *
Your hound closely misses the ice beast.
You thump the ice beast!
The ice beast is severely wounded.
Your hound bites the ice beast.
The ice beast hits you.
* * * LOW HITPOINT WARNING * * *
The ice beast freezes you!
You die...

#...#...............#
#...##.......†......#
##########..........#
#..........#
#.....#....#
#####.#....# #.######
###.# #.### .....#
#@Yh###....###
###...'.......
#####....... ..#.#.
.# #


You could see an ice beast (ally target) and a friendly hound (summoned).

Vanquished Creatures
  A phantom (D:6)
  2 scorpions
  A jelly (D:3)
  2 hounds
  An iguana (D:3)
  A gnoll (D:5)
  An adder (D:4)
  2 ufetubi (D:5)
  2 dart slugs
  A worm (D:2)
  7 orcs
  3 ball pythons
  2 endoplasms
  2 giant cockroaches
  6 goblins
  4 hobgoblins
  2 quokkas
  3 bats
  2 frilled lizards
  A kobold (D:4)
  6 rats
52 creatures vanquished.

Vanquished Creatures (collateral kills)
  A black bear (D:5)
  An ogre (D:6)
  A centaur (D:6)
  A scorpion (D:5)
  3 hounds
  2 jellies (D:6)
  An iguana (D:3)
  2 orc wizards
  9 gnolls
  7 adders
  A shadow imp (D:3)
  A white imp (D:6)
  2 worms (D:2)
  6 orcs
  5 bats
  6 endoplasms
  3 giant cockroaches
  5 goblins
  2 hobgoblins
  4 kobolds
  2 quokkas
  2 ball pythons
  2 frilled lizards
  5 rats
74 creatures vanquished.

Vanquished Creatures (others)
  An ogre (D:5)
1 creature vanquished.

Grand Total: 127 creatures vanquished

Notes
Turn   | Place    | Note
-------+----------+-------------------------------------------
     0 | D:1      | ragingrage the Barachi Summoner began the quest for the
                  | Orb.
     0 | D:1      | Reached XP level 1. HP: 13/13 MP: 3/3
    22 | D:1      | Reached skill level 5 in Summonings
   399 | D:1      | Reached XP level 2. HP: 4/19 MP: 1/5
   467 | D:1      | Learned a level 2 spell: Call Imp
   664 | D:1      | Found a faded altar of an unknown god.
  1373 | D:2      | Reached XP level 3. HP: 24/24 MP: 6/6
  1389 | D:2      | Reached skill level 6 in Summonings
  1585 | D:2      | Learned a level 3 spell: Call Canine Familiar
  1722 | D:2      | Reached XP level 4. HP: 24/30 MP: 7/7
  2340 | D:3      | Noticed a scorpion
  2399 | D:3      | Reached skill level 7 in Summonings
  2435 | D:3      | Reached XP level 5. HP: 35/35 MP: 6/8
  2588 | D:3      | Found a bloodstained altar of Trog.
  2932 | D:3      | Reached skill level 8 in Summonings
  3128 | D:3      | Reached XP level 6. HP: 41/41 MP: 9/9
  3194 | D:4      | Noticed Eustachio
  3453 | D:3      | Reached skill level 9 in Summonings
  3936 | D:4      | Found a stormy altar of Qazlal.
  3996 | D:4      | Reached XP level 7. HP: 46/46 MP: 4/10
  4094 | D:4      | Found a burning altar of Makhleb.
  4127 | D:4      | Learned a level 3 spell: Summon Guardian Golem
  4160 | D:4      | Found a staircase to the Ecumenical Temple.
  4194 | Temple   | Entered the Ecumenical Temple
  4445 | Temple   | Became a worshipper of Ru the Awakened
  4475 | D:4      | Reached skill level 10 in Summonings
  4476 | D:4      | Reached skill level 1 in Hexes
  4608 | D:5      | Entered Level 5 of the Dungeon
  4719 | D:5      | Identified the +11 mace of Youthful Indiscretion {freeze,
                  | rElec Int-5 Dex+8 SInv}
  5489 | D:5      | Reached XP level 8. HP: 39/52 MP: 11/11
  5907 | D:6      | Reached skill level 11 in Summonings
  6108 | D:6      | Reached skill level 5 in Hexes
  6177 | D:6      | Slain by an ice beast

Illustrated notes

Levels and vault maps discovered:
D:1:      lightli_arrival_quake, layout_basic, serial_glass, glass_columns_b,
          glass_columns_b, shapermc_ecumenical_altar_ellora
D:2:      wad_crossroads, layout_basic, minmay_tetromino_l2
D:3:      layout_rooms, bloody_trog, minmay_misc_feat_tiny, minmay_pentangle
D:4:      layout_cave_pools, mainiacjoe_overflow_six_doors_small,
          lightli_temple_of_fire, mainiacjoe_overflow_alcove_3, temple_doors_ab,
          serial_shops, nicolae_shop_crystal, minmay_cupped, uniq_eustachio
D:5:      layout_gridville, minivault_5
D:6:      layout_basic, mainiacjoe_overflow_alcove_4
Temple:   hc_temple_tempest_star

Skill      XL: |  1  2  3  4  5  6  7  8 |
---------------+-------------------------+-----
Summonings     | 5 6 7 8 9 10 11 | 11.5
Hexes          | 3 5 |  5.0
Dodging        | |  2.1
Stealth        | |  1.7
Spellcasting   | |  2.1

Action                   |  1- 3 |  4- 6 |  7- 9 || total
-------------------------+-------+-------+-------++-------
Melee: Spear             |    46 |    22 |       ||    68
       Unarmed           |     5 |       |       ||     5
       Trident           |       |    72 |    34 ||   106
       Punch             |       |     1 |     1 ||     2
       Mace              |       |       |    28 ||    28
 Cast: Summon Small Mamm |    30 |       |     4 ||    34
       Call Imp          |     8 |     7 |     5 ||    20
       Call Canine Famil |     1 |    26 |    24 ||    51
       Summon Guardian G |       |       |     4 ||     4
 Abil: Hop               |       |     2 |     3 ||     5
  Use: Scroll            |       |     4 |       ||     4
 Stab: Sleeping          |     2 |     3 |     1 ||     6
       Distracted        |       |       |     1 ||     1
Armor: Robe              |     7 |     9 |    18 ||    34
Dodge: Dodged            |    54 |    70 |    75 ||   199

Table legend: (Time is in decaauts)
 A = Elapsed time spent in this place.
 B = Non-inter-level travel time spent in this place.
 C = Inter-level travel time spent in this place.
 D = Time resting spent in this place.
 E = Time spent auto-exploring this place.
 F = Levels seen in this place.
 G = Mean time per level.
                   A        B        C        D        E       F      G
               +--------+--------+--------+--------+--------+-----+--------+
         Total |   6906 |   6618 |    288 |   1192 |   4133 |   7 |  986.6 |
       Dungeon |   6613 |   6381 |    232 |   1192 |   3908 |   6 | 1102.2 |
        Temple |    293 |    237 |     56 |      0 |    224 |   1 |  293.0 |
               +--------+--------+--------+--------+--------+-----+--------+

Top non-repeatable levels by time:
     D:3: 1591 daAuts
     D:1: 1422 daAuts
     D:5: 1312 daAuts
     D:2: 1179 daAuts
     D:4: 666 daAuts
     D:6: 439 daAuts
  Temple: 293 daAuts
